 Dungeon Crawl Stone Soup version 0.25.1-2-g60ff931df9 (webtiles) character file.

Game seed: 15179435257061127055

13104 DerDa the Tainter (level 12, 0/86 HPs)
             Began as a Formicid Venom Mage on Sept 26, 2020.
             Was a High Priest of Sif Muna.
             Hit by a large rock thrown by a cyclops (32 damage)
             ... on level 11 of the Dungeon.
             The game lasted 00:44:05 (13134 turns).

DerDa the Tainter (Formicid Venom Mage)            Turns: 13134, Time: 00:44:05

Health: 0/86       AC: 16    Str: 14    XL:     12   Next: 28%
Magic:  11/24      EV: 11    Int: 25    God:    Sif Muna [*****.]
Gold:   246        SH:  5    Dex: 11    Spells: 15/28 levels left

rFire    . . .     SeeInvis +   f - +3 scimitar (flame)
rCold    . . .     Gourm    .   d - +0 buckler
rNeg     . . .     Faith    +   L - +4 scale mail
rPois    .         Spirit   .   (helmet unavailable)
rElec    .         Reflect  .   (no cloak)
rCorr    .         Harm     .   K - +0 pair of gloves
MR       +....                  (no boots)
Stlth    +.........             y - amulet of faith
HPRegen  0.24/turn              o - +4 ring of protection
MPRegen  0.19/turn              w - +6 ring of intelligence

@: no status effects
A: permanent stasis, dig shafts and tunnels, four strong arms, antennae 3
a: Dig, Shaft Self, Channel Magic, Forget Spell, Divine Exegesis, Renounce
Religion


You were on level 11 of the Dungeon.
You worshipped Sif Muna.
Sif Muna was extremely pleased with you.
You were not hungry.

You visited 2 branches of the dungeon, and saw 12 of its levels.

You collected 775 gold pieces.
You spent 529 gold pieces at shops.

Inventory:

Hand Weapons
 a - a +2 vampiric whip
 f - a +3 scimitar of flaming (weapon)
 S - a +4 spear
Missiles
 e - 372 stones
 i - 133 sling bullets
 A - 55 poisoned darts (quivered)
 E - 88 bolts
Armour
 d - a +0 buckler (worn)
 z - a +0 kite shield
 K - a +0 pair of gloves (worn)
 L - a +4 scale mail (worn)
Magical Staves
 O - an uncursed staff of energy
Jewellery
 g - an uncursed ring of positive energy
 o - a +4 ring of protection (left hand)
 w - a +6 ring of intelligence (right hand)
 y - an amulet of faith (around neck)
 H - an uncursed ring of flight {unknown}
 M - an uncursed ring of protection from magic
 P - an uncursed ring of wizardry {unknown}
Wands
 D - a wand of flame (22)
 F - a wand of polymorph (12)
Scrolls
 b - a scroll of immolation {unknown}
 h - 4 scrolls of enchant weapon
 l - 4 scrolls of remove curse
 n - 5 scrolls of magic mapping
 p - 8 scrolls of fear
 x - a scroll of fog
 B - 2 scrolls of enchant armour
 C - a scroll of vulnerability {unknown}
 R - 3 scrolls of identify
Potions
 k - 2 potions of haste {unknown}
 m - 2 potions of lignification
 q - 2 potions of heal wounds
 r - 5 potions of might
 s - 2 potions of stabbing {unknown}
 t - 2 potions of ambrosia
 u - 3 potions of flight {unknown}
 v - a potion of cancellation {unknown}
 G - 2 potions of brilliance
 I - 2 potions of mutation
 J - 4 potions of curing
 N - 2 potions of magic
 Q - a potion of resistance {unknown}
Miscellaneous
 T - a box of beasts
Comestibles
 c - 23 rations


   Skills:
 + Level 5.5 Fighting
 + Level 3.4 Armour
 + Level 4.9 Dodging
 - Level 2.4 Stealth
 + Level 6.7 Shields
 * Level 8.9 Spellcasting
 * Level 5.6 Conjurations
 - Level 5.0 Transmutations
 - Level 5.0 Fire Magic
 + Level 4.7 Air Magic
 * Level 11.5 Poison Magic


You had 15 spell levels left.
You knew the following spells:

 Your Spells              Type           Power        Failure   Level  Hunger
a - Sting                 Tmut/Pois      ####         1%          1    None
b - Mephitic Cloud        Conj/Pois/Air  #####...     3%          3    None
c - Ignite Poison         Fire/Tmut/Pois #####...     3%          3    None
d - Olgreb's Toxic Radia  Pois           ######..     1%          4    ##.....
u - Poisonous Vapours     Pois/Air       ######       1%          2    None

Your spell library contained the following spells:

 Spells                   Type           Power        Failure   Level  Hunger


Dungeon Overview and Level Annotations

Branches:
Dungeon (11/15)            Temple (1/1) D:5            Lair (0/6) D:10
    Orc: D:9-12

Altars:
Ashenzari
Cheibriados
Dithmenos
Elyvilon
Fedhas
Gozag
Hepliaklqana
Kikubaaqudgha
Makhleb
Nemelex Xobeh
Okawaru
Qazlal
Ru
Sif Muna
Trog
Uskayaw
Vehumet
Wu Jian
Xom
Yredelemnul
Zin
The Shining One

Shops:
D:4 *   D:6 !   D:9 %!=


Innate Abilities, Weirdness & Mutations

You cannot be hasted, slowed, berserked, paralysed or teleported.
You can dig through walls and to a lower floor.
Your four strong arms can wield two-handed weapons with a shield.
You have a pair of large antennae on your head. (SInv)


Message History

Casting: Mephitic Cloud (mildly dangerous; 3% risk of failure)
Confirm with . or Enter, or press ? or * to list all spells.
You ignite the poison in your surroundings!
The warg is engulfed in blazing flames.
The warg bites you!
The hungry ghost is engulfed in blazing flames.
Unknown command.
Unknown command.
You closely miss the warg.
The warg is moderately wounded.
The warg is engulfed in blazing flames.
The warg closely misses you.
A cyclops comes into view.
The warg is engulfed in blazing flames.
The warg closely misses you.
You hit the warg. You burn the warg.
The warg is almost dead.
The warg is engulfed in blazing flames.
You kill the warg!
Sif Muna accepts your kill.
The cyclops throws a large rock.
The large rock hits you!!
The cyclops throws a large rock.
The large rock hits you!!
You die...

#..####.##.#
#...
#..........#
#..#
##.####.####
#.... #.#
#>#######.#.#
#.#
#............
#.#
##########.##
#.# # #.# #
##@# #:(#####
#)#○W°.#
$.##○°###
##.#.☼##
#.###C.# #.
##.# #. .. #.
##


You could see a cyclops.

Vanquished Creatures
  A two-headed ogre (D:9)
  A centaur warrior (D:11)
  Erica (D:8)
  An unseen horror (D:10)
  A centaur skeleton (D:11)
  A komodo dragon (D:10)
  A queen bee (D:11)
  A troll (D:10)
  Grinder (D:4)
  Prince Ribbit (D:5)
  3 hippogriffs
  A shadow (D:8)
  A human (D:7)
  3 hogs (D:7)
  7 yaks
  Eustachio (D:5)
  Menkaure (D:5)
  2 wargs (D:11)
  Edmund (D:6)
  An acid dragon (D:11)
  2 soldier ants (D:11)
  2 sky beasts
  2 orc warriors
  An ice beast (D:8)
  4 phantoms
  A centaur (D:11)
  7 ogres
  5 necrophages (D:10)
  2 big kobolds
  4 bullfrogs
  A wyvern zombie (D:10)
  3 scorpions
  A water moccasin skeleton (D:7)
  39 killer bees
  6 wights
  4 howler monkeys
  5 crimson imps
  2 centaur zombies (D:10)
  A quasit (D:6)
  3 bullfrog zombies
  A bullfrog skeleton (D:10)
  4 orc priests
  5 hounds
  4 orc wizards
  3 iguanas
  Natasha (thrice) (D:4)
  9 worker ants
  5 hound skeletons
  3 hound zombies
  A worker ant zombie (D:9)
  11 adders
  A shadow imp (D:7)
  2 adder zombies
  An adder skeleton (D:5)
  A worm (D:2)
  4 dart slugs
  5 leopard geckos
  37 orcs
  4 giant cockroaches
  6 goblins
  6 hobgoblins
  15 jackals
  5 quokkas
  6 bats
  5 frilled lizards
  27 kobolds
  A leopard gecko zombie (D:5)
  A quokka skeleton (D:5)
  6 rats
  4 plants
312 creatures vanquished.

Notes
Turn   | Place    | Note
-------+----------+-------------------------------------------
     0 | D:1      | DerDa the Formicid Venom Mage began the quest for the Orb.
     0 | D:1      | Reached XP level 1. HP: 13/13 MP: 3/3
   279 | D:1      | Reached XP level 2. HP: 19/19 MP: 3/5
   473 | D:1      | Learned a level 2 spell: Poisonous Vapours
   822 | D:1      | Reached XP level 3. HP: 24/24 MP: 1/7
   835 | D:1      | Learned a level 3 spell: Mephitic Cloud
  1729 | D:2      | Reached XP level 4. HP: 30/30 MP: 1/8
  2204 | D:2      | Reached skill level 5 in Poison Magic
  2266 | D:2      | Found a shimmering altar of Xom.
  2274 | D:2      | Found a snail-covered altar of Cheibriados.
  2286 | D:2      | Found a glowing golden altar of the Shining One.
  2908 | D:3      | Reached XP level 5. HP: 35/35 MP: 2/9
  2938 | D:3      | Learned a level 3 spell: Ignite Poison
  3343 | D:4      | Noticed Natasha
  3350 | D:4      | Killed Natasha
  3350 | D:4      | Reached skill level 1 in Air Magic
  3427 | D:4      | Reached XP level 6. HP: 41/41 MP: 6/11
  3572 | D:4      | Learned a level 4 spell: Olgreb's Toxic Radiance
  3624 | D:4      | Reached skill level 6 in Poison Magic
  3940 | D:4      | Noticed Natasha
  3945 | D:4      | Killed Natasha
  4010 | D:4      | Reached skill level 1 in Shields
  4010 | D:4      | Reached XP level 7. HP: 46/46 MP: 7/13
  4490 | D:4      | Found Zissiun's General Store.
  4492 | D:4      | Found a glowing silver altar of Zin.
  4495 | D:4      | Bought a scroll of identify for 22 gold pieces
  4495 | D:4      | Bought a scroll of random uselessness for 11 gold pieces
  4495 | D:4      | Bought a potion of brilliance for 44 gold pieces
  4886 | D:4      | Noticed Natasha
  4890 | D:4      | Killed Natasha
  4890 | D:4      | Reached XP level 8. HP: 52/52 MP: 9/15
  4967 | D:4      | Reached skill level 7 in Poison Magic
  5309 | D:5      | Entered Level 5 of the Dungeon
  5310 | D:5      | Noticed Prince Ribbit
  5318 | D:5      | Killed Prince Ribbit
  5318 | D:5      | Reached skill level 5 in Spellcasting
  5324 | D:5      | Noticed Grinder
  5341 | D:4      | Killed Grinder
  5341 | D:4      | Reached skill level 1 in Fighting
  5341 | D:4      | Reached skill level 5 in Transmutations
  5547 | D:5      | Reached skill level 1 in Fire Magic
  5664 | D:5      | Found a staircase to the Ecumenical Temple.
  5673 | D:5      | Noticed Eustachio
  5685 | D:5      | Killed Eustachio
  5700 | D:5      | Noticed Menkaure
  5730 | D:5      | Reached XP level 9. HP: 59/59 MP: 0/17
  5744 | Temple   | Entered the Ecumenical Temple
  5856 | Temple   | Became a worshipper of Sif Muna the Loreminder
  6010 | D:5      | Found a stormy altar of Qazlal.
  6094 | D:5      | Reached skill level 8 in Poison Magic
  6562 | D:5      | Killed Menkaure
  7102 | D:6      | Found a radiant altar of Vehumet.
  7264 | D:6      | Noticed Edmund
  7268 | D:6      | Killed Edmund
  7359 | D:6      | Reached * piety under Sif Muna
  7445 | D:6      | Found a hazy altar of Hepliaklqana.
  7584 | D:6      | Reached skill level 1 in Conjurations
  7681 | D:6      | Found Hebejomi's Distillery.
  7686 | D:6      | Bought a potion of mutation for 80 gold pieces
  7686 | D:6      | Bought a potion of might for 40 gold pieces
  7686 | D:6      | Bought a potion of lignification for 30 gold pieces
  7686 | D:6      | Bought a potion of curing for 30 gold pieces
  7686 | D:6      | Bought a potion of heal wounds for 50 gold pieces
  8049 | D:7      | Noticed a hippogriff
  8209 | D:7      | Killed a hippogriff
  8353 | D:7      | Reached skill level 9 in Poison Magic
  8822 | D:7      | Reached XP level 10. HP: 69/69 MP: 4/20
  8995 | D:8      | Noticed Erica
  9001 | D:7      | Reached skill level 5 in Shields
  9245 | D:8      | Reached ** piety under Sif Muna
  9245 | D:8      | Killed Erica
  9703 | D:8      | Found a burning altar of Makhleb.
  9704 | D:8      | Found a basalt altar of Yredelemnul.
  9857 | D:8      | Reached skill level 10 in Poison Magic
 10235 | D:9      | Found Zisopecs's Distillery.
 10267 | D:9      | Bought a potion of ambrosia for 96 gold pieces
 10267 | D:9      | Bought a potion of magic for 96 gold pieces
 10343 | D:9      | Found Plog's Jewellery Boutique.
 10363 | D:9      | Bought a cursed amulet of inaccuracy for 30 gold pieces
 10395 | D:9      | Found a hide-covered altar of Uskayaw.
 10641 | D:9      | Reached skill level 1 in Armour
 10710 | D:9      | Noticed a two-headed ogre
 10730 | D:9      | Killed a two-headed ogre
 10730 | D:9      | Reached XP level 11. HP: 59/78 MP: 7/22
 10873 | D:9      | Found Hikol's Food Shop.
 11049 | D:10     | Entered Level 10 of the Dungeon
 11162 | D:10     | Reached *** piety under Sif Muna
 11661 | D:10     | Found a staircase to the Lair.
 11669 | D:10     | Reached **** piety under Sif Muna
 11812 | D:10     | Noticed an unseen horror
 11825 | D:10     | Killed an unseen horror
 11825 | D:10     | Reached skill level 5 in Conjurations
 11825 | D:10     | Reached skill level 11 in Poison Magic
 12104 | D:10     | Reached skill level 5 in Fighting
 12775 | D:11     | Reached XP level 12. HP: 78/86 MP: 19/24
 12890 | D:11     | Noticed a centaur warrior
 12898 | D:11     | Killed a centaur warrior
 12898 | D:11     | Reached skill level 5 in Fire Magic
 13115 | D:11     | Reached ***** piety under Sif Muna
 13115 | D:11     | Identified Mytah's Catalogue of the Creative Rocks (Sif
                  | Muna gifted it to you on level 11 of the Dungeon)
 13115 | D:11     | Received a gift from Sif Muna
 13134 | D:11     | Hit by a large rock thrown by a cyclops

Illustrated notes

Levels and vault maps discovered:
D:1:      dpeg_arrival_rhombus, layout_loops_ring
D:2:      layout_loops_corners, cheibriados_altar_1, lemuel_doored_altar,
          overflow_temple_1_default, minmay_between
D:3:      layout_basic, first_ration
D:4:      kennysheep_kobold_camp, layout_basic, zin_scriptorium, serial_shops,
          shop, chequers_serial_rivers_room_b, uniq_natasha
D:5:      layout_layer_cave, old_standard_altar,
          minmay_temple_entry_statues_pillars, uniq_prince_ribbit1,
          uniq_grinder, uniq_menkaure, uniq_eustachio
D:6:      layout_loops_cross, lemuel_round_altar, lemuel_crystal_altar,
          serial_shops, kennysheep_little_box, uniq_edmund
D:7:      layout_rooms, serial_corexii_hall, corexii_hall_statues_x,
          corexii_hall_statues_i, corexii_hall_statues_x,
          chequers_hall_statues_y, grunt_livestock
D:8:      layout_basic, gammafunk_temple_overflow_pools, dk_noncrumbling_4,
          uniq_erica
D:9:      layout_rooms, lemuel_crystal_altar, serial_shops, shop, shop,
          shop_fountains, kennysheep_generic_room_12
D:10:     minmay_four_partial_circles, layout_long_grid, david_lair_shrubbed,
          serial_undead, serial_undead_a, serial_undead_c, serial_undead_b,
          serial_undead_b, hex_large
D:11:     minmay_distorted_concentric_squares, layout_loops_ring, erik_orc_3,
          special_room [special_room_bee], hangedman_decor_points,
          kennysheep_generic_room_6
Temple:   nicolae_temple_x_marks_the_god

Skill      XL: |  1  2  3  4  5  6  7  8  9 10 11 12 |
---------------+-------------------------------------+-----
Transmutations | 2 3 4 5 |  5.0
Spellcasting   | 3 4 5 6 7 8 |  8.9
Poison Magic   | 5 6 7 9 10 11 | 11.5
Air Magic      | 1 2 3 4 |  4.7
Shields        | 1 2 4 5 6 |  6.7
Fighting       | 1 2 4 5 |  5.5
Dodging        | 2 3 4 |  4.9
Fire Magic     | 1 2 4 5 |  5.0
Conjurations   | 2 4 5 |  5.6
Armour         | 1 2 3 |  3.4
Stealth        | |  2.4

Action                   |  1- 3 |  4- 6 |  7- 9 | 10-12 || total
-------------------------+-------+-------+-------+-------++-------
Melee: Club              |    12 |    32 |       |       ||    44
       Whip              |       |   140 |    42 |       ||   182
       Falchion          |       |       |   139 |     9 ||   148
       Scimitar          |       |       |       |   218 ||   218
 Cast: Sting             |    44 |    45 |   123 |    69 ||   281
       Poisonous Vapours |    14 |    29 |    39 |    25 ||   107
       Olgreb's Toxic Ra |       |     1 |     9 |    17 ||    27
       Mephitic Cloud    |       |       |    10 |    16 ||    26
       Ignite Poison     |       |       |     7 |    19 ||    26
 Abil: Dig               |       |       |     1 |     1 ||     2
  Use: Scroll            |       |       |     9 |     2 ||    11
       Potion            |       |       |     1 |       ||     1
 Stab: Sleeping          |       |       |     1 |     1 ||     2
  Eat: Chunk             |     4 |     8 |    14 |     8 ||    34
       Ration            |       |       |     1 |     2 ||     3
Armor: Robe              |     2 |    14 |    55 |    17 ||    88
       Scale mail        |       |       |       |   130 ||   130
Dodge: Dodged            |    12 |    40 |   132 |   164 ||   348
Block: Buckler           |       |       |    38 |    61 ||    99
       Rpst.: Falchion   |       |       |    33 |     5 ||    38
       Scimitar          |       |       |       |    50 ||    50
